← All builds
Suicide front / Armada / Factory first / OBSERVED BUILD

Standard suicide front

Armada Suicide front build order · Supreme Isthmus

The role's baseline: Bot Lab at 0:21 then straight into reclaim-fed T1 bot production to contest the middle and hold until T2 arrives, with an Advanced Metal Extractor around 9:45.

#rush · 2020 distinct matches · 232 players · 71% of Armada Suicide front games · team won 59% of 2395 · Recently observed

HOW TO PLAY IT

Key timing: Bot Lab by 0:20

  1. Open with mex and lab-first to get Bot Lab up by 0:20.
  2. Expand mex and wind while lab pumps units toward middle.
  3. Push Sentry and early Rocketeer, Centurion to contest middle.
  4. Get T2 constructor out once Pond's boost lets you spare metal.
  5. Upgrade mex to Advanced Metal Extractor as you transition off T1 spam.

Phase by phase

TYPICAL OF ITS 2020 GAMES
  1. 1
  2. 2
  3. 3
PLAY THE OPENING

Follow the example game's first 6:00 step by step: what to build now, what comes next, and where it goes. At 1× it keeps pace with your own game.

  1. 1

    Bot Lab first

    Order
    1. Bot LabBot Lab done ~0:21, middle half 0:20–0:33

    Some games also: mex (44%)

  2. 2

    Bot Lab to 5:00

    Economy
    • Metal Extractor5Mex
    • Wind Turbine4Wind
    Builders
    • Construction Bot3 Con bot
    • Lazarus2 Lazarus
    Army
    • Sentry4 Sentry
    • Rocketeer16 Rocketeer
    • Tick2 Tick
    • Centurion1 Centurion
    Other
    • Radar Tower1 Radar Tower

    Some games also: pawn (37%) · con turret (34%)

    By 5:00 in all: 5 mex · 4 wind

    The example game in this phase · 30 steps
    1. LazarusLazarus
    2. Construction BotCon bot ×3
    3. LazarusLazarus
    4. Mex
    5. CenturionCenturion
    6. PawnPawn ×2
    7. CenturionCenturion
    8. Mex
    9. SentrySentry ×2
    10. TickTick
    11. RocketeerRocketeer ×3
    12. LazarusLazarus
    13. RocketeerRocketeer ×2
    14. Mex
    15. RocketeerRocketeer
    16. SentrySentry
    17. LazarusLazarus
    18. SentrySentry
    19. RocketeerRocketeer
    20. SentrySentry
    21. RocketeerRocketeer
    22. SentrySentry
    23. RocketeerRocketeer
    24. LazarusLazarus
    25. RocketeerRocketeer ×2
    26. Mex
    27. RocketeerRocketeer
    28. LazarusLazarus
    29. RocketeerRocketeer ×3
    30. LazarusLazarus
  3. 3

    5:00 to 10:00

    Economy
    • Metal Extractor1Mex
    • Wind Turbine15Wind
    Builders
    • Construction Turret2 Con turret
    • Lazarus2 Lazarus
    • Construction Bot1 Con bot
    Army
    • Sentry1 Sentry
    • Rocketeer8 Rocketeer

    Some games also: pawn (49%) · Radar Tower (46%) · tick (45%) · centurion (44%) · energy storage (43%) · eat Bot Lab (31%)

    By 10:00 in all: 6 mex · 21 wind · 1 energy storage · 2 con turret

    The example game in this phase · 131 steps
    1. Dragon's TeethDragon's Teeth ×6
    2. GauntletGauntletdone 6:10
    3. Dragon's TeethDragon's Teeth ×16
    4. SentrySentry
    5. Radar TowerRadar Tower
    6. SentrySentry
    7. TickTick ×2
    8. SentrySentry
    9. TickTick
    10. SentrySentry
    11. TickTick
    12. Dragon's TeethDragon's Teeth
    13. TickTick ×8
    14. SentrySentry
    15. TickTick ×3
    16. SentrySentry
    17. TickTick
    18. PawnPawn
    19. SentrySentry
    20. Construction BotCon bot ×2
    21. PawnPawn ×4
    22. Advanced Metal ExtractorT2 mexdone 9:09 · typical 9:46
    23. PawnPawn ×15
    24. LazarusLazarus
    25. PawnPawn ×2
    26. Advanced Metal ExtractorT2 mex
    27. PawnPawn ×2
    28. Solar
    29. PawnPawn ×2
    30. Wind
    31. PawnPawn
    32. Wind
    33. PawnPawn ×2
    34. Wind
    35. PawnPawn
    36. Wind
    37. PawnPawn
    38. Wind
    39. Con turret
    40. Wind ×2
    41. PawnPawn
    42. Wind
    43. Advanced Metal ExtractorT2 mex
    44. PawnPawn
    45. Energy storage
    46. PawnPawn
    47. Con turret
    48. Wind
    49. PawnPawn ×2
    50. Advanced Metal ExtractorT2 mex
    51. Wind ×2
    52. PawnPawn
    53. Wind
    54. PawnPawn
    55. Wind
    56. PawnPawn
    57. Wind
    58. PawnPawn
    59. LazarusLazarus
    60. Wind ×2
    61. PawnPawn
    62. Wind
    63. PawnPawn
    64. Wind
    65. PawnPawn
    66. Wind
    67. Advanced Metal ExtractorT2 mex
    68. PawnPawn
    69. Wind
    70. PawnPawn
    71. Wind
    72. PawnPawn
    73. Wind
    74. PawnPawn
    75. Wind
    76. PawnPawn
    77. Wind
    78. PawnPawn
    79. Wind
    80. PawnPawn
    81. Wind
    82. PawnPawn
    83. Wind ×2
    84. PawnPawn
    85. RattlesnakeRattlesnakedone 13:41
    86. Wind
    87. PawnPawn
    88. Wind
    89. PawnPawn ×4
    90. Wind
    91. PawnPawn
    92. Wind ×2
    93. PawnPawn
    94. Energy storage
    95. Wind
    96. PawnPawn
    97. Fortification WallFortification Wall ×2
    98. Wind
    99. Fortification WallFortification Wall
    100. LazarusLazarus
    101. Fortification WallFortification Wall
    102. Energy storage
    103. Con turret
    104. Fortification WallFortification Wall ×3
    105. PawnPawn
    106. Fortification WallFortification Wall
    107. Con turret
    108. Fortification WallFortification Wall ×3
    109. Wind
    110. PawnPawn
    111. Fortification WallFortification Wall ×2
    112. Pit BullPit Bull
    113. PawnPawn
    114. Energy storage
    115. PawnPawn
    116. Wind
    117. PawnPawn
    118. Wind ×2
    119. PawnPawn
    120. Wind
    121. PawnPawn
    122. Wind
    123. PawnPawn
    124. Wind
    125. PawnPawn
    126. Wind
    127. PawnPawn
    128. Wind
    129. PawnPawn
    130. Con turret
    131. Wind

Counts are medians over the build's games: half of them build more, half fewer. The example game is Nutzz's (40 OS, 13/10/2026); pick another.

Team trades

IN AT LEAST 30% OF ITS GAMES

You hand over

Nothing regular.

You get

  • Tidal Generator4 Tidal from Pondfirst at 0:11 · in 68% of games
  • Advanced Construction Bot1 T2 con bot from Geo or Techfirst at 7:41 · in 57% of games

How it plays out

Typical game of this build, running totals by minute

Metal produced

010k20k
0:005:0010:0015:00

metal

Enemy metal destroyed

05k10k
0:005:0010:0015:00

metal

Own metal lost

05k10k
0:005:0010:0015:00

metal

2395 games.

Show as table
ByMetal produced: This buildEnemy metal destroyed: This buildOwn metal lost: This build
1:0023000
2:0088600
3:002007184130
4:003108643501
5:0041841352998
6:00534921831707
7:00654430512590
8:00776039353502
9:00903546904383
10:001041253145163
11:001188958585965
12:001358364066686
13:001540468757453
14:001729875038214
15:001929281099007
WHAT THE NUMBERS SAY

Standard Suicide front play wins a bit over half its games while taking the heaviest own losses of any role by 15:00.

  • + Produces 20142 metal by 15:00, highest of the front roles.
  • + First kill by 2:01 in all games, fastest contest of middle.
  • − Own metal lost hits 9178 by 15:00, more than enemy metal destroyed.
  • − Only 34% Rocketeer share shows army spread thin across many bot types.
THE EXAMPLE YOU ARE READING

Nutzz

40.0 OS · 13/10/2026

Open source match ↗

31 received units · includes a constructor
53 metal received · 48427 energy received

Allied construction assistance is unknown. Timings are observations, not a promise of solo reproducibility.

Typical milestones

Bot Lab0:21Middle 50%: 0:20–0:33 · n=2387
Advanced Metal Extractor9:46Middle 50%: 8:50–10:58 · n=1732

Played most by

_X_262games of this buildPlatinumBlonde188games of this buildXad165games of this buildTrapCaT109games of this buildImmort80games of this build